 Dungeon Crawl Stone Soup version 0.18.1-48-g4cf74bf (webtiles) character file.

37 MistressOfTheDunes the Insei (level 3, 0/29 HPs)
             Began as a Mummy Monk on July 15, 2016.
             Slain by an adder (3 damage)
             ... on level 2 of the Dungeon.
             The game lasted 00:02:06 (2019 turns).

MistressOfTheDunes the Insei (Mummy Monk)           Turns: 2019, Time: 00:02:07

Health: 0/29       AC:  0    Str: 14    XL:     3   Next: 23%
Magic:  3/3        EV: 13    Int:  9    God:
Gold:   94         SH:  0    Dex: 15    Spells: 0 memorised, 2 levels left

rFire  x . .     SeeInvis .       - Unarmed
rCold  + . .     Gourm    .     (no armour)
rNeg   + + +     Faith    .     (no shield)
rPois  ∞         Spirit   .     (no helmet)
rElec  .         Dismiss  .     (no cloak)
rCorr  .         Reflect  .     (no gloves)
SustAt .         Harm     .     (no boots)
MR     .....                    (no amulet)
Stlth  ++........               (no ring)
                                (no ring)

@: not resistant to hostile enchantments, unstealthy
A: no food or potions, fire vulnerability, cold resistance 1, negative energy
resistance 3, torment resistance, unbreathing
a: no special abilities


You were on level 2 of the Dungeon.
You were not hungry.

You visited 1 branch of the dungeon, and saw 2 of its levels.

You collected 94 gold pieces.


Innate Abilities, Weirdness & Mutations

You do not eat or drink.
Your flesh is vulnerable to fire.
You are immune to poison.
Your flesh is cold resistant.
You are immune to negative energy.
You are immune to unholy pain and torment.
You can survive without breathing.


   Skills:
 - Level 3.0 Fighting
 - Level 2.4 Dodging
 - Level 1.5 Stealth
 + Level 4.2 Unarmed Combat


You had 2 spell levels left.
You didn't know any spells.

Inventory:

Scrolls
 a - 3 scrolls of recharging {unknown}
 b - a scroll of enchant weapon {unknown}
 c - a scroll of identify {unknown}
 d - a scroll of remove curse {unknown}

Dungeon Overview and Level Annotations

Branches:
Dungeon (2/15)

Altars:
Dithmenos
Makhleb

▒▒▒ ▒.▒ ▒▒▒ ▒▒ ▒.. ... .. ▒.▒
▒.▒ ▒. ▒.▒ ▒.▒ ▒. ▒.▒ ▒.▒
▒S▒▒▒▒▒▒.▒.▒▒▒▒ ▒▒.▒▒▒▒▒▒▒▒.▒
▒.M................
....=.†.....▒ ▒..▒▒▒▒▒..........
...▒▒.......▒ ▒..▒.....▒..▒.▒..▒
...▒▒.......▒ ▒..▒.▒▒▒.▒..▒.▒..▒
...▒▒.▒▒▒▒▒.▒.▒..▒.▒▒.....▒.▒..▒
.......▒ ▒................▒.▒..▒
...▒▒..▒ ▒..▒.▒.▒▒.▒..........>▒
▒▒.▒▒%.▒ ▒................▒....▒
▒.▒▒..▒ ▒.▒▒.............▒....▒▒


You could see an adder.


Message History

You are too injured to fight recklessly!!!
You are too injured to fight recklessly!!!
You are too injured to fight recklessly!!!
You are too injured to fight recklessly!!!
You are too injured to fight recklessly!!!
You are too injured to fight recklessly!!!
You are too injured to fight recklessly!!!
You are too injured to fight recklessly!!!
You closely miss the adder!
The adder is moderately wounded!
The adder bites you!
You closely miss the adder!
The adder is moderately wounded!
The adder bites you! * * * don't die
* * * You closely miss the adder!
The adder is moderately wounded!
The adder barely misses you!
You squash the adder like an ant!
The adder is heavily wounded!
The adder barely misses you! The adder bites you! * * * don't die
* * * You barely miss the adder!
The adder is heavily wounded!
The adder bites you! * * * don't die
* * * You barely miss the adder!
The adder is heavily wounded!
The adder bites you! rip

Action                   || total
-------------------------++-------
Melee: Unarmed           ||   135
       Punch             ||     3
 Stab: Sleeping          ||     5
Dodge: Dodged            ||    72

Vault maps used:
D:1:      minmay_arrival_shoal_huts, hex_tiny
D:2:      overflow_temple_1_default, lemuel_doored_altar, uniq_terence

Notes
Turn   | Place    | Note
--------------------------------------------------------------
     0 | D:1      | MistressOfTheDunes the Mummy Monk began the quest for the Orb.
     0 | D:1      | Reached XP level 1. HP: 18/18 MP: 1/1
   546 | D:1      | Reached XP level 2. HP: 19/24 MP: 2/2
  1170 | D:2      | Reached skill level 4 in Unarmed Combat
  1518 | D:2      | Reached XP level 3. HP: 29/29 MP: 3/3
  1540 | D:2      | HP: 1/29 [hobgoblin (4)]
  1559 | D:2      | Found a shadowy altar of Dithmenos.
  2001 | D:2      | Found a burning altar of Makhleb.
  2019 | D:2      | Slain by an adder

Vanquished Creatures
  A dart slug (D:2)
  2 giant geckos (D:2)
  2 giant cockroaches (D:1)
  2 goblins
  7 hobgoblins
  A ball python (D:2)
  5 bats
  5 giant newts
  4 kobolds
  6 rats
35 creatures vanquished.
